 Dungeon Crawl Stone Soup version 0.30.0-29-ga12c61a403 (webtiles) character file.

Game seed: 14553973488708777025

16 qw the Shield-Bearer (level 2, -3/19 HPs)
             Began as a Gargoyle Fighter on June 2, 2023.
             Slain by a gnoll
             ... wielding a +0 flail
              (5 damage)
             ... on level 1 of the Dungeon.
             The game lasted 00:00:18 (760 turns).

qw the Shield-Bearer (Gargoyle Fighter)              Turns: 760, Time: 00:00:18

Health: -3/19      AC:  9    Str: 19    XL:     2   Next: 58%
Magic:  2/2        EV:  9    Int:  8    God:
Gold:   193        SH:  4    Dex:  9    Spells: 1/1 levels left

rFire   . . .        Y - +0 war axe
rCold   . . .        c - +0 buckler
rNeg    + . .        b - +0 scale mail
rPois   inf          (no helmet)
rElec   +            (no cloak)
rCorr   .            (no gloves)
SInv    .            (no boots)
Will    .....        (no amulet) Stlth
                     (no ring)
HPRegen 0.23/turn    (no ring)
MPRegen 0.08/turn

%: no passive effects
@: no status effects
A: sickness immunity, AC +2, negative energy resistance 1, electricity
resistance, torment resistance 1, petrification resistance
a: no special abilities


You were on level 1 of the Dungeon.
You visited 1 branch of the dungeon, and saw 1 of its levels.

You collected 193 gold pieces.


Innate Abilities, Weirdness & Mutations

You are immune to sickness and miasma.
Your stone body is resilient. (AC +2)
You are immune to poison.
You resist negative energy. (rN+)
You are resistant to electric shocks. (rElec)
You are resistant to unholy torment.
You are immune to petrification.


   Skills:
 - Level 3.2 Fighting
 + Level 2.8 Axes
 - Level 3.2 Armour
 - Level 3.2 Shields


You had one spell level left.
You didn't know any spells.
Your spell library was empty.

Inventory:

Hand Weapons
 f - a +0 club
 Y - a +0 war axe (weapon)
Armour
 b - a +0 scale mail (worn)
 c - a +0 buckler (worn)
Scrolls
 a - a scroll of fog {unknown}
 i - 3 scrolls of amnesia {unknown}
 k - a scroll of identify
Potions
 d - a potion of might
 e - a potion of brilliance {unknown}
 g - a potion of haste {unknown}
 h - a potion of degeneration {unknown}
 j - a potion of invisibility {unknown}

Dungeon Overview and Level Annotations

Branches:
Dungeon (1/15)

Altars:

Annotations:
D:1 exclusion: giant cockroach


Message History

Enter note:
Enter note: You slash the rat!
You kill the rat!
You see here a quokka corpse.
Found a stone staircase leading down.
Enter note:
Enter note:
Enter note:
Enter note:
Enter note:
Enter note:
Found a stone staircase leading down.
Enter note:
Enter note:
Enter note:
Enter note:
Enter note:
Enter note: A kobold and a gnoll come into view.
The gnoll shouts!
You hear a shout!
A goblin comes into view. It is wielding a +0 dagger.
The kobold throws a stone.
The stone completely misses you.
You hear a shout!
Enter note:
Enter note:
Enter note:
Enter note:
Enter note:
Enter note:
Enter note:
Enter note: You hit the gnoll but do no damage.
The gnoll hits you with a +0 flail. x2
You completely miss the gnoll. The gnoll hits you with a +0 flail!
Ouch! That really hurt!
You closely miss the gnoll. The gnoll hits you with a +0 flail.
You die...

######### #......>#
#.#####.# #.#####.#
###########
.....##.####....@....#
#.##.........####g##K...
#.##..#.###.## g.. .
77777777# #.# ###.~
..... #.# ~~.


77777 #.# ~~ ..# #.# . ..# ..# ..# ### You could see a gnoll, a goblin and a
kobold.

Vanquished Creatures
  A ball python (D:1)
  2 bats (D:1)
  2 endoplasms (D:1)
  2 goblins (D:1)
  2 hobgoblins (D:1)
  2 kobolds (D:1)
  A quokka (D:1)
  2 rats (D:1)
14 creatures vanquished.

Notes
Turn   | Place    | Note
-------+----------+-------------------------------------------
     0 | D:1      | qw the Gargoyle Fighter began the quest for the Orb.
     0 | D:1      | Reached XP level 1. HP: 14/14 MP: 1/1
     0 | D:1      | 0 ||| qw: Version: 0.2-a-102-gdf20003
     0 | D:1      | 0 ||| qw: Game counter: 909
     0 | D:1      | 0 ||| qw: Always use a shield: true
     0 | D:1      | 0 ||| qw: God list: Okawaru
     0 | D:1      | 0 ||| qw: Allow faded altars: false
     0 | D:1      | 0 ||| qw: Do Orc after D:15 true
     0 | D:1      | 0 ||| qw: Do second Lair branch before Depths: true
     0 | D:1      | 0 ||| qw: Lair rune preference: random
     0 | D:1      | 0 ||| qw: Plans: Normal, Zot:1-4, Slime:5, God:TSO, Crypt,
                  | Tomb, Pan, Hells, Abyss, Win
     0 | D:1      | 0 ||| PLANNING D:1-11
   188 | D:1      | 188 ||| READING scroll labelled TOACKA UGILAO.
   414 | D:1      | Reached XP level 2. HP: 18/19 MP: 2/2
   491 | D:1      | 491 ||| Stepping ~*~*~tactically~*~*~ (stealth).
   493 | D:1      | 493 ||| Stepping ~*~*~tactically~*~*~ (hiding).
   759 | D:1      | HP: 2/19 [gnoll/+0 flail (10)]
   760 | D:1      | Slain by a gnoll

Levels and vault maps discovered:
D:1:      nicolae_arrival_somewhat_less_tricky_arrival, layout_loops_cross,
          serial_forest, infiniplex_forest_straight_3,
          infiniplex_forest_straight_4, infiniplex_forest_pool,
          infiniplex_forest_corner_1, infiniplex_forest_clump_medium,
          chequers_big_river, corexii_leaking_fountain,
          minmay_gold_behind_fungi, grunt_decor_junction

Skill      XL: |  1 |
---------------+----+-----
Axes           | 2 |  2.8
Fighting       | |  3.2
Armour         | |  3.2
Shields        | |  3.2

Action                     || total
---------------------------++-------
  Melee: War axe           ||    40
    Use: Scroll            ||     1
 Armour: Scale mail        ||    22
  Dodge: Dodged            ||    13
  Block: Buckler           ||     3

Table legend:
 A = Non-vault XP
 B = Vault XP
 C = Vault XP percentage of total XP
 D = Non-vault monster count
 E = Vault monster count
 F = Vault count percentage of total count
                 A         B        C        D         E       F
            +---------+---------+-------+---------+---------+-------
      Total |      24 |       0 |   0.0 |      14 |       0 |   0.0
            +---------+---------+-------+---------+---------+-------
        D:1 |      24 |       0 |   0.0 |      14 |       0 |   0.0
            +---------+---------+-------+---------+---------+-------
